 Dungeon Crawl Stone Soup version 0.24-a0-479-g9a978d2 (webtiles) character file.

Game seed: 5799822395167438659

149 relicbr the Slasher (level 5, -5/42 HPs)
             Began as a Minotaur Gladiator on July 7, 2019.
             Slain by a gnoll
             ... wielding a +3 halberd
              (8 damage)
             ... on level 3 of the Dungeon.
             The game lasted 00:04:33 (1854 turns).

relicbr the Slasher (Minotaur Gladiator)            Turns: 1854, Time: 00:04:33

Health: -5/42      AC:  4    Str: 19    XL:     5   Next: 9%
Magic:  4/4        EV: 13    Int:  5    God:
Gold:   75         SH:  0    Dex: 12    Spells: 4/4 levels left

rFire    + . .     SeeInvis .   b - +1 dagger (venom)
rCold    + . .     Gourm    .   (no shield)
rNeg     . . .     Faith    .   t - +2 robe {rC+ rF+}
rPois    .         Spirit   .   c - +0 hat
rElec    .         Reflect  .   (no cloak)
rCorr    .         Harm     .   (no gloves)
MR       .....                  (no boots)
Stlth    +.........             (no amulet)
HPRegen  0.14/turn              (no ring)
MPRegen  0.09/turn              (no ring)

@: no status effects
A: retaliatory headbutt, horns 2
a: no special abilities


You were on level 3 of the Dungeon.
You were not hungry.

You visited 1 branch of the dungeon, and saw 3 of its levels.

You collected 75 gold pieces.

Inventory:

Hand Weapons
 a - a +0 long sword
 b - a +1 dagger of venom (weapon)
 n - a +1 whip of pain
 r - a +2 whip of electrocution
Missiles
 d - 3 throwing nets
 j - 6 boomerangs (quivered)
Armour
 c - a +0 hat (worn)
 t - a +2 robe of resistance (worn)
Scrolls
 h - 2 scrolls of identify {unknown}
 m - a scroll of fog {unknown}
 q - a scroll of magic mapping {unknown}
 s - a scroll of enchant weapon {unknown}
 u - a scroll of immolation {unknown}
Potions
 e - a potion of brilliance {unknown}
 g - a potion of degeneration {unknown}
 i - a potion of mutation {unknown}
 k - 2 potions of curing {unknown}
 l - a potion of agility {unknown}
 o - 2 potions of lignification {unknown}
 v - a potion of flight {unknown}
 w - a potion of magic {unknown}
Comestibles
 f - 7 rations
 p - 2 chunks of flesh


   Skills:
 - Level 2.4 Fighting
 - Level 0.1(3.9) Short Blades
 * Level 7.0 Long Blades
 - Level 2.0 Throwing
 - Level 3.2 Dodging


You had 4 spell levels left.
You didn't know any spells.
Your spell library was empty.

Dungeon Overview and Level Annotations

Branches:
Dungeon (3/15)

Altars:
Fedhas
Ru


Innate Abilities, Weirdness & Mutations

You reflexively headbutt those who attack you in melee.
You have a pair of horns on your head.


Message History

You hit the gnoll.
The gnoll is poisoned.
The gnoll is heavily wounded.
The gnoll hits you with a cursed -3 spear!
You hit the gnoll.
The gnoll looks as sick as possible!
You headbutt the gnoll.
You kill the gnoll!
Your Long Blades skill increases to level 7!
Some of the chunks of flesh in your inventory have rotted away.
There is a sacrificial altar of Ru, spattered with blood here.
You closely miss the leopard gecko.
The leopard gecko bites you but does no damage.
The gnoll hits you from afar with a +3 halberd!
* * * LOW HITPOINT WARNING * * *
You hit the leopard gecko.
The leopard gecko is poisoned.
Your headbutt misses the leopard gecko.
The leopard gecko is severely wounded.
You kill the leopard gecko!
The gnoll hits you from afar with a +3 halberd!
* * * LOW HITPOINT WARNING * * *
The gnoll hits you from afar with a +3 halberd!
You die...

#. .# . .# ## .#. ### #
... ... ... .. .... #'#
#.# #.# .# ..... #.#
#.###.# ..#
......###.###..##.##...##
......)g†_###............
......###@###..##)########
##### #.# #.............
#.###'###....)........
#.........###.##......
####.#.#.#..<..#......
#.#.#.#.#...#......
#.#.#.#.#...#......
#.#.#.#.#...#......
..#.#.#.#...#......


You could see a gnoll.

Vanquished Creatures
  An orc wizard (D:2)
  A gnoll (D:3)
  An adder (D:3)
  An ooze (D:1)
  A worm (D:2)
  3 dart slugs
  2 leopard geckos (D:3)
  13 orcs
  4 giant cockroaches
  12 goblins
  10 hobgoblins
  A quokka (D:2)
  A ball python (D:1)
  6 bats
  2 frilled lizards (D:1)
  6 kobolds
  5 rats
70 creatures vanquished.

Notes
Turn   | Place    | Note
-------+----------+-------------------------------------------
     0 | D:1      | relicbr the Minotaur Gladiator began the quest for the Orb.
     0 | D:1      | Reached XP level 1. HP: 18/18 MP: 0/0
    78 | D:1      | Reached skill level 4 in Long Blades
    92 | D:1      | Reached XP level 2. HP: 21/25 MP: 1/1
   342 | D:1      | Reached skill level 5 in Long Blades
   542 | D:1      | Reached XP level 3. HP: 30/30 MP: 2/2
  1116 | D:2      | Reached skill level 6 in Long Blades
  1116 | D:2      | Reached XP level 4. HP: 22/37 MP: 3/3
  1573 | D:3      | Found a blossoming altar of Fedhas.
  1831 | D:3      | Found a sacrificial altar of Ru.
  1846 | D:3      | Reached XP level 5. HP: 32/42 MP: 4/4
  1850 | D:3      | Reached skill level 7 in Long Blades
  1854 | D:3      | Slain by a gnoll

Levels and vault maps discovered:
D:1:      wheals_arrival_linesprint, layout_loops_cross, roderic_roman_lattice,
          supply_closet_lemuel, minmay_pentomino_z4
D:2:      layout_loops_cross, grunt_ministairs_14, kennysheep_generic_room_9
D:3:      layout_basic, old_standard_altar, lemuel_doored_altar

Skill      XL: |  1  2  3  4  5 |
---------------+----------------+-----
Long Blades    | 4 5 6 7 |  7.0
Fighting       | |  2.4
Short Blades   | |  0.1
Throwing       | |  2.0
Dodging        | |  3.2

Action                   |  1- 3 |  4- 6 || total
-------------------------+-------+-------++-------
Melee: Long sword        |    48 |     4 ||    52
       Headbutt          |    16 |    11 ||    27
       Whip              |    20 |    27 ||    47
       Dagger            |    15 |    10 ||    25
Throw: Boomerang         |       |     1 ||     1
  Eat: Chunk             |     1 |     2 ||     3
Armor: Leather armour    |    15 |       ||    15
       Scale mail        |     5 |       ||     5
       Robe              |     2 |     6 ||     8
Dodge: Dodged            |    48 |    26 ||    74
       Rpst.: Long sword |     6 |     3 ||     9

Table legend:
 A = Non-vault XP
 B = Vault XP
 C = Vault XP percentage of total XP
 D = Non-vault monster count
 E = Vault monster count
 F = Vault count percentage of total count
                 A         B        C        D         E       F
            +---------+---------+-------+---------+---------+-------
      Total |     203 |      10 |   4.7 |      64 |       6 |   8.6
            +---------+---------+-------+---------+---------+-------
        D:1 |      36 |       7 |  16.3 |      21 |       4 |  16.0
        D:2 |      89 |       3 |   3.3 |      22 |       2 |   8.3
        D:3 |      78 |       0 |   0.0 |      21 |       0 |   0.0
            +---------+---------+-------+---------+---------+-------
